 Dungeon Sprint DCSS version 0.27-a0-1144-g0b7d3b79db (webtiles) character file.

Game seed: 15653702311359430603

135 Zeld the Shield-Bearer (level 5, -3/43 HPs)
             Began as an Octopode Fighter on May 10, 2021.
             Was an Initiate of Okawaru.
             Slain by an ironbound frostheart (13 damage)
             ... in the Dungeon (Sprint V: "Ziggurat Sprint").
             The game lasted 00:01:15 (656 turns).

Zeld the Shield-Bearer (Octopode Fighter)            Turns: 656, Time: 00:01:15

Health: -3/43      AC:  1    Str: 28    XL:     5   Next: 18%
Magic:  5/5        EV: 11    Int: 10    God:    Okawaru [......]
Gold:   0          SH: 21    Dex: 24    Spells: 4/4 levels left

rFire    . . .     SeeInvis .   k - +5 broad axe
rCold    . . .     Faith    .   j - +3 tower shield
rNeg     . . .     Spirit   .   (helmet restricted)
rPois    .         Reflect  .   (no amulet)
rElec    .         Harm     .   A - +6 ring of strength
rCorr    .         Rampage  .   z - +6 ring of strength
Will     .....     NoTele   +   (no ring)
Stlth    +++.......             (no ring)
HPRegen  0.14/turn              v - +6 ring of dexterity
MPRegen  0.09/turn              w - +6 ring of dexterity
                                (no ring)
                                (no ring)

@: no status effects
A: almost no armour, amphibious, 8 rings, camouflage 1, gelatinous body 1,
(nimble swimmer 1), tentacles
a: Renounce Religion


You were in the Dungeon.
You worshipped Okawaru.
Okawaru was noncommittal.
You visited 1 branch

Inventory:

Hand Weapons
 k - a +5 broad axe (weapon)
Armour
 j - a +3 tower shield (worn)
Jewellery
 v - a +6 ring of dexterity (on tentacle)
 w - a +6 ring of dexterity (on tentacle)
 z - a +6 ring of strength (right tentacle)
 A - a +6 ring of strength (left tentacle)
Wands
 r - a wand of mindburst (7)
 s - a wand of iceblast (7)
 t - a wand of acid (7)
Scrolls
 a - 4 scrolls of amnesia
 b - 7 scrolls of fog
 i - 4 scrolls of blinking
 l - a scroll of holy word
 m - 5 scrolls of identify
 n - 2 scrolls of fear
Potions
 c - 6 potions of might
 d - 10 potions of curing
 e - 10 potions of heal wounds
 f - 6 potions of haste
 g - 7 potions of magic
 h - 3 potions of berserk rage
 o - 2 potions of brilliance
 p - 2 potions of invisibility
 q - 4 potions of resistance
Miscellaneous
 B - a lightning rod (4/4)


   Skills:
 * Level 7.1 Fighting
 * Level 6.7 Axes
 - Level 3.0 Dodging
 * Level 7.1 Shields


You had 4 spell levels left.
You didn't know any spells.
Your spell library was empty.

Dungeon Overview and Level Annotations

Branches:
Dungeon (1/1)

Altars:
Ashenzari
Cheibriados
Dithmenos
Elyvilon
Fedhas
Gozag
Hepliaklqana
Kikubaaqudgha
Makhleb
Nemelex Xobeh
Okawaru
Qazlal
Ru
Sif Muna
Trog
Uskayaw
Vehumet
Wu Jian
Xom
Yredelemnul
Zin
The Shining One
Beogh
Jiyva
Lugonu

Annotations:
D 1 transporter


Innate Abilities, Weirdness & Mutations

You cannot wear most types of armour.
You are amphibious.
You can wear up to eight rings at the same time.
Your skin changes colour to match your surroundings (Stealth+).
Your rubbery body absorbs attacks. (AC +1, EV +1)
((You are camouflaged near water. (Stealth+)))
You have tentacles for arms and can constrict up to eight enemies at once.


Message History

You feel agile.
You start resting.
You start resting.
HP restored.
Press: ? - help, v - describe, . - travel, g - get item Item here: a staff of poison.
The floor.
You see here the +7 great mace "Undeadhunter" {disrupt, rN+}.
You start waiting.
You start waiting.
Done waiting.
You start waiting.
You start waiting.
Partly explored, unvisited transporter.
Okay, then.
Your library has no spells.
Unknown command.
There is a transporter here.
Welcome to arena 2.
You enter the transporter and appear at another place. 2 ironbound frosthearts come into view.
Found three items.
Found a transporter.
Unknown command.
Okay, then.
Okay, then.
The ironbound frostheart shouts! x2
Press: ? - help, v - describe, . - travel
Here: an ironbound frostheart, wearing a +0 ring mail The floor.
You slash the ironbound frostheart! You grab the ironbound frostheart.
You squeeze the ironbound frostheart, but do no damage.
The ironbound frostheart is lightly wounded.
Your shield prevents you from hitting the ironbound frostheart.
You constrict the ironbound frostheart.
You block the ironbound frostheart's attack.
The ironbound frostheart touches you. The ironbound frostheart freezes you!
The ironbound frostheart touches you!
* * * LOW HITPOINT WARNING * * *
The ironbound frostheart freezes you!
You die...

▓▓▓▓▓▓▓▓▓▓▓▓▓
▓.8©8.▓.8©8.▓
▓.=}}.▓.....▓
▓.....▓.).|.▓
▓.pp..▓.....▓
▓..@..▓.....▓
▓.....▓..©..▓
▓..©..▓▓▓▓▓▓▓
▓▓▓▓▓▓▓


You could see 2 ironbound frosthearts.

Vanquished Creatures
  A floating eye (D)
  A jelly (D)
2 creatures vanquished.

Notes
Turn   | Place    | Note
-------+----------+-------------------------------------------
     0 | D        | Zeld the Octopode Fighter began the quest for the Orb.
     0 | D        | Reached XP level 1. HP: 16/16 MP: 1/1
     0 | D        | Found a blossoming altar of Fedhas.
     1 | D        | Found the +6 Majin-Bo {vamp, MP+6 Int+6}
     1 | D        | Found the +9 heavy crossbow "Sniper" {vorpal, Acc+∞ SInv}
     1 | D        | Found the +10 dark maul {vorpal}
     1 | D        | Found the +15 Maxwell's patent armour {-Cast -Tele rElec
                  | Will+ rCorr}
     1 | D        | Found the +18 shield of the Gong {rElec rN+ Will+ EV-5}
     1 | D        | Found the +14 obsidian axe {vorpal, Drain Fly SInv}
     1 | D        | Found the +7 great mace "Firestarter" {inner flame, rF++}
     1 | D        | Found the +6 shillelagh "Devastator" {shatter}
     1 | D        | Found the +11 plutonium sword {Contam Stlth-}
     1 | D        | Found the +8 lance "Wyrmbane" {slay drac, rPois rF+ rC+
                  | AC+3}
     1 | D        | Found the +9 sword of Zonguldrok {reap}
     1 | D        | Found the +13 scythe of Curses {drain, Drain}
     1 | D        | Found the +5 sword of Power {vorpal}
     1 | D        | Found the +7 mace of Variability {chain chaos}
     1 | D        | Found the +7 Singing Sword {vorpal, sonic wave}
     1 | D        | Found the +8 storm bow {elec, penet}
     4 | D        | Found a viscous altar of Jiyva.
     4 | D        | Found a hazy altar of Hepliaklqana.
     4 | D        | Found a transporter.
     4 | D        | Found an opulent altar of Gozag.
     4 | D        | Found an ancient bone altar of Kikubaaqudgha.
     4 | D        | Found a corrupted altar of Lugonu.
    21 | D        | Found a burning altar of Makhleb.
    22 | D        | Found a sacrificial altar of Ru.
    22 | D        | Found a stormy altar of Qazlal.
    22 | D        | Found a shimmering blue altar of Sif Muna.
    22 | D        | Found an iron altar of Okawaru.
    22 | D        | Found a bloodstained altar of Trog.
    22 | D        | Found a sparkling altar of Nemelex Xobeh.
    27 | D        | Reached skill level 5 in Fighting
    27 | D        | Reached skill level 5 in Shields
    27 | D        | Reached XP level 2. HP: 24/24 MP: 2/2
    79 | D        | Became a worshipper of Warmaster Okawaru
    92 | D        | Entered arena 2.
    92 | D        | Noticed a floating eye
    92 | D        | Found a transporter.
    93 | D        | Found the +7 great mace "Undeadhunter" {disrupt, rN+}
    96 | D        | Reached skill level 5 in Axes
    96 | D        | Reached XP level 3. HP: 11/30 MP: 3/3
    96 | D        | Killed a floating eye
    97 | D        | Reached XP level 4. HP: 14/38 MP: 4/4
    97 | D        | Reached XP level 5. HP: 16/43 MP: 5/5
   652 | D        | Entered arena 3.
   652 | D        | Noticed an ironbound frostheart
   652 | D        | Noticed an ironbound frostheart
   652 | D        | Found a transporter.
   656 | D        | Slain by an ironbound frostheart

Illustrated notes

Levels and vault maps discovered:
D:        sprint_v [room_start, room_1, room_2, room_3, room_4, room_5, room_6,
          room_7, room_8, room_9, room_10, room_11, room_12, room_13, room_14,
          room_15, room_16, room_17, room_18, room_19, room_20, room_21,
          room_22, room_23, room_24, room_25, room_26, room_27]

Skill      XL: |  1  2  3 |
---------------+----------+-----
Fighting       | 5 7 |  7.1
Axes           | 4 5 6 |  6.7
Shields        | 5 7 |  7.1
Dodging        | |  3.0

Action                   |  1- 3 |  4- 6 || total
-------------------------+-------+-------++-------
Melee: Broad axe         |     3 |     1 ||     4
       Constrict         |       |     1 ||     1
       Tentacles         |       |     1 ||     1
  Use: Potion            |     1 |       ||     1
Block: Tower shield      |     1 |     1 ||     2

Table legend: (Time is in decaauts)
 A = Elapsed time spent in this place.
 B = Non-inter-level travel time spent in this place.
 C = Inter-level travel time spent in this place.
 D = Time resting spent in this place.
 E = Time spent auto-exploring this place.
 F = Levels seen in this place.
 G = Mean time per level.
                   A        B        C        D        E       F      G
               +--------+--------+--------+--------+--------+-----+--------+
         Total |    653 |    653 |      0 |    550 |      0 |   1 |  653.0 |
       Dungeon |    653 |    653 |      0 |    550 |      0 |   1 |  653.0 |
               +--------+--------+--------+--------+--------+-----+--------+

Top non-repeatable levels by time:
       D: 653 daAuts
